cohdb
Replays
Latest Replays
All Replays
Popular Replays
Top Player Replays
Match Explorer
How It Works
Community
CoH3 Stats
Reddit
Sign in to upload your games and track your stats! →
Sign in with Steam
Match 36431311
Unlisted
Match 36431311
Overview
Messages
Build Orders
End
Royal Engineer Section
Construct Section Command Post
Selects Heavy Armor Battlegroup
Dingo Light Scout Car
Vickers Machine Gun Team
Royal Engineer Section
Royal Engineer Section
Construct Platoon Command Post
Construct Field Infirmary
6-pounder Anti-tank Gun Team
Infantry Training
Selects Engineer Detachments
AI Takeover
Ghost
LLNyang
Yaas
유파_Yupa
sarigom
ekki
0
0
Comments
sign in to comment!
No comments posted yet!